 Dungeon Crawl Stone Soup version 0.30-a0-359-gd0147acb1a (webtiles) character file.

Game seed: 4753713924399942240

72 Maxmaps the Insei (level 4, -10/28 HPs)
             Began as an Octopode Transmuter on Nov 11, 2022.
             Killed from afar by a white imp (11 damage)
             ... with a puff of frost
             ... on level 6 of the Dungeon.
             The game lasted 00:02:44 (1832 turns).

Maxmaps the Insei (Octopode Transmuter)             Turns: 1832, Time: 00:02:45

Health: -10/28     AC:  2    Str:  9    XL:     4   Next: 25%
Magic:  5/8        EV: 19    Int: 17    God:
Gold:   134        SH:  0    Dex: 17    Spells: 5/9 levels left

rFire   . . .      SeeInvis .      - Unarmed
rCold   . . .      Faith    .    (shield currently unavailable)
rNeg    . . .      Spirit   .    (helmet currently unavailable)
rPois   x          Reflect  .    (no amulet)
rElec   .          Harm     .    (no ring)
rCorr   .          Rampage  .    (no ring)
Will    .....                    (no ring)
Stlth   ++........               (no ring)
HPRegen 0.24/turn                (no ring)
MPRegen 0.11/turn                (no ring)
                                 (no ring)
                                 (no ring)

@: spider-form
A: venomous fangs, almost no armour, (amphibious), 8 rings, tiny, (camouflage
1), (gelatinous body 1), (nimble swimmer 1), (tentacles)
a: End Transformation


You were on level 6 of the Dungeon.
You were a venomous arachnid creature.
You visited 1 branch of the dungeon, and saw 4 of its levels.

You collected 134 gold pieces.

Inventory:

Jewellery
 m - a ring of fire
Scrolls
 b - 2 scrolls of identify {unknown}
 d - a scroll of brand weapon {unknown}
 e - a scroll of butterflies {unknown}
 f - a scroll of immolation {unknown}
 g - a scroll of blinking {unknown}
 i - a scroll of magic mapping {unknown}
 j - a scroll of enchant weapon {unknown}
Potions
 a - a potion of lignification
 c - a potion of might {unknown}
 h - a potion of attraction {unknown}
 k - a potion of curing {unknown}
 l - a potion of invisibility {unknown}


   Skills:
 - Level 1.0 Fighting
 - Level 2.0 Dodging
 - Level 3.0 Unarmed Combat
 - Level 3.0 Spellcasting
 - Level 3.0 Transmutations
 + Level 1.9 Poison Magic


You had 5 spell levels left.
You knew the following spells:

 Your Spells              Type           Power      Damage    Failure   Level
a - Beastly Appendage     Tmut           24%        N/A       14%         1
b - Spider Form           Tmut/Pois      11%        N/A       38%         3

Your spell library contained the following spells:

 Spells                   Type           Power      Damage    Failure   Level
 Wereblood                Tmut           12%        N/A       21%         2
 Magic Dart               Conj           8%         1d3       36%         1
 Call Imp                 Summ           2%         N/A       47%         2
 Static Discharge         Conj/Air       4%         2-3/arc   47%         2
 Mephitic Cloud           Conj/Pois/Air  4%         N/A       61%         3
 Kindle Blastsparks       Fire/Tloc/Air  4%         2d10      67%         3
 Vhi's Electric Charge    Tloc/Air       4%         N/A       67%         3
 Ice Form                 Ice/Tmut       7%         N/A       85%         4
 Fulminant Prism          Conj/Hex       1%         3d5       95%         4
 Iskenderun's Mystic Bla  Conj/Tloc      2%         2d3       95%         4
 Arcjolt                  Conj/Air       1%         1d11      100%        5
 Lee's Rapid Deconstruct  Erth           1%         3d4*      100%        5
 Lightning Bolt           Conj/Air       1%         1d12      100%        5


Dungeon Overview and Level Annotations

Branches:
Dungeon (3/15)

Altars:


Innate Abilities, Weirdness & Mutations

You are a venomous arachnid creature.
You have poisonous fangs.
You are tiny and dextrous.
Your spellcasting is less reliable in this form.
Your armour is entirely melded.
You are incapable of wielding weapons or throwing items.
You cannot wear most types of armour.
((You are amphibious.))
You can wear up to eight rings at the same time.
((Your skin changes colour to match your surroundings (Stealth+).))
((Your rubbery body absorbs attacks. (AC +1, EV +1)))
((You are camouflaged when in or above water. (Stealth+)))
((You have tentacles for arms and can constrict up to eight enemies at once.))


Message History

You kill the orc!
Your transformation is almost over.
You tentacle-slap the orc. You grab the orc. You squeeze the orc.
You kill the orc!
Items here: ))) [ ††.
You start resting.
Your tentacle spike disappears.
HP restored.
You start waiting.
Done waiting.
You now have 134 gold pieces (gained 20).
A centaur comes into view.
Found a stone staircase leading down.
The centaur shouts!
The centaur wields a +0 shortbow.
The centaur shoots an arrow.
The arrow hits you!
The centaur shoots an arrow.
The arrow hits you!
* * * LOW HITPOINT WARNING * * *
A centaur is nearby!
A white imp comes into view.
The centaur shoots an arrow.
The arrow misses you.
The white imp shouts, "Return whence thou came, thou villainous dismal-dreaming bandersnitch!"
Casting: Beastly Appendage (safe; 4% risk of failure)
Confirm with . or Enter, or press ? or * to list all spells.
Okay, then.
Casting: Beastly Appendage (safe; 4% risk of failure)
Confirm with . or Enter, or press ? or * to list all spells.
The spell is quite dangerous to miscast (19% risk of failure)!
Continue anyway?
You turn into a venomous arachnid creature.
The white imp gestures at you. The puff of frost hits you!
* * * LOW HITPOINT WARNING * * *
You barely miss the white imp. The white imp barely misses you.
You hit the white imp but do no damage. The white imp hits you.
* * * LOW HITPOINT WARNING * * *
The white imp freezes you.
* * * LOW HITPOINT WARNING * * *
You barely miss the white imp. The white imp gestures at you.
The puff of frost hits you!
You die...

###### ### ##>...# #....# ..# ##
..... #.##.# ..# .......
#.##.####..#. . ...
###########.#.......... #....
#....5s.....#..........
.###.#.####.########...........#.
c....c...##.# #.##..###.....
#.#5##.# #.##..# ...... #.#.##.#
#.##..#....... #.#.##5#
#)##..#..#.###
#.#.##.########.##..... ..
#...................... .##
###.................... ..


You could see a white imp.

Vanquished Creatures
  An adder (D:2)
  2 dart slugs
  3 orcs (D:6)
  8 ball pythons
  6 endoplasms
  3 giant cockroaches
  5 goblins
  3 hobgoblins (D:3)
  3 jackals (D:3)
  4 kobolds
  A quokka (D:2)
  2 bats (D:1)
  4 frilled lizards
  4 rats
49 creatures vanquished.

Notes
Turn   | Place    | Note
-------+----------+-------------------------------------------
     0 | D:1      | Maxmaps the Octopode Transmuter began the quest for the
                  | Orb.
     0 | D:1      | Reached XP level 1. HP: 13/13 MP: 3/3
   121 | D:1      | Reached XP level 2. HP: 18/18 MP: 5/5
   624 | D:1      | Reached XP level 3. HP: 23/23 MP: 6/6
  1189 | D:2      | Learned a level 3 spell: Spider Form
  1421 | D:3      | Reached skill level 1 in Poison Magic
  1449 | D:3      | Reached XP level 4. HP: 24/28 MP: 6/8
  1625 | D:3      | You fall into a shaft and drop 3 floors!
  1806 | D:6      | Noticed a centaur
  1831 | D:6      | HP: 1/28 [white imp (2)]
  1832 | D:6      | Killed from afar by a white imp

Illustrated notes

Levels and vault maps discovered:
D:1:      amcnicky_arrival_wind_blow, layout_basic
D:2:      layout_rooms, grunt_decor_fettered, hangedman_decor_riveting,
          minmay_shallow_snake_nest
D:3:      layout_loops_ring
D:6:      layout_loops_ring, mainiacjoe_overflow_alcove_2, kennysheep_mini_moat

Skill      XL: |  1  2  3 |
---------------+----------+-----
Transmutations | 3 |  3.0
Spellcasting   | 3 |  3.0
Poison Magic   | 1 |  1.9
Fighting       | |  1.0
Dodging        | |  2.0
Unarmed Combat | |  3.0

Action                   |  1- 3 |  4- 6 || total
-------------------------+-------+-------++-------
Melee: Unarmed           |    74 |    21 ||    95
       Constrict         |    24 |     5 ||    29
       Tentacles         |    21 |     5 ||    26
       Kick              |     2 |     5 ||     7
       Punch             |     1 |     1 ||     2
 Cast: Beastly Appendage |     1 |     2 ||     3
       Spider Form       |       |     1 ||     1
 Stab: Sleeping          |     8 |     1 ||     9
Armor: Skin              |     5 |       ||     5
Dodge: Dodged            |    38 |     8 ||    46

Table legend: (Time is in decaauts)
 A = Elapsed time spent in this place.
 B = Non-inter-level travel time spent in this place.
 C = Inter-level travel time spent in this place.
 D = Time resting spent in this place.
 E = Time spent auto-exploring this place.
 F = Levels seen in this place.
 G = Mean time per level.
                   A        B        C        D        E       F      G
               +--------+--------+--------+--------+--------+-----+--------+
         Total |   1825 |   1746 |     79 |    184 |   1232 |   4 |  456.2 |
       Dungeon |   1825 |   1746 |     79 |    184 |   1232 |   4 |  456.2 |
               +--------+--------+--------+--------+--------+-----+--------+

Top non-repeatable levels by time:
     D:2: 717 daAuts
     D:1: 687 daAuts
     D:3: 214 daAuts
     D:6: 206 daAuts
